Map: Néo-Gettysburg EC

Players

Worming - Winner!

  • Race: Zerg Zerg

xongnoc

  • Race: Zerg Zerg
  • League: Master

VOD

Have the link to the VOD?

Description

Time

  • Played on: Oct. 20, 2016, 3:34 p.m.
  • Length: 15:08
Show
View Real Time Build Order
Export as new Build Order

Worming Zerg - Winner!

Build Orders: Hatch First, Zergling Baneling 

Get SALT Encoding   

  12  0:01  Drone  
  13  0:13  Overlord  
  13  0:20  Drone  
  14  0:32  Drone x2  
  16  0:39  Drone  
  17  0:53  Unknown, Hatchery  
  17  0:56  Drone  
  17  1:05  Extractor  
  17  1:06  Drone  
  17  1:17  Spawning Pool  
  17  1:18  Drone  
  17  1:22  Drone  
  19  1:32  Drone  
  19  1:40  Drone  
  20  1:50  Overlord  
  20  2:03  Queen  
  20  2:04  Unknown, Zergling x2  
  20  2:05  Queen  
  20  2:06  Zergling x2  
  26  2:12  Metabolic Boost  
  26  2:14  Drone  
  27  2:16  Drone  
  28  2:29  Drone  
  29  2:31  Drone  
  29  2:34  Zergling x2  
  31  2:39  Queen  
  31  2:40  Zergling x2  
  34  2:50  Baneling Nest  
  33  2:51  Zergling x2  
  33  2:52  Zergling x2  
  35  3:01  Overlord  
  35  3:03  Overlord  
  35  3:18  Spine Crawler, Queen  
  32  3:48  Zergling x16  
  39  4:02  Baneling  
  39  4:03  Baneling x3  
  39  4:09  Zergling x16  
  47  4:21  Baneling x3  
  47  4:22  Baneling  
  40  4:37  Drone x3  
  40  4:38  Drone x6  
  49  4:43  Evolution Chamber  
  48  4:46  Extractor  
  38  5:07  Lair  
  38  5:10  Drone x6  
  38  5:13  Drone x4  
  48  5:18  Zerg Missile Weapons Level 1  
  48  5:28  Roach Warren  
  47  5:38  Baneling  
  47  5:47  Overlord  
  47  5:48  Extractor  
  46  5:50  Overlord x2  
  46  5:53  Drone x2  
  46  5:54  Drone  
  49  5:58  Drone  
  49  6:00  Drone  
  49  6:02  Extractor  
  50  6:10  Roach x2  
  50  6:11  Roach x4, Glial Reconstitution  
  62  6:16  Drone x2  
  62  6:17  Drone  
  65  6:38  Roach x5  
  75  6:58  Overlord x3  
  75  7:10  Unknown, Hatchery  
  75  7:14  Overlord  
  75  7:15  Zergling x2  
  75  7:18  Baneling  
  75  7:20  Zerg Missile Weapons Level 2  
  75  7:29  Ravager  
  78  7:30  Ravager x2  
  78  7:33  Roach x6  
  80  7:52  Roach x8  
  80  7:53  Roach  
  87  8:02  Roach x2  
  89  8:11  Ravager x4  
  89  8:14  Spore Crawler  
  89  8:15  Spore Crawler  
  89  8:19  Hydralisk Den  
  86  8:20  Drone  
  86  8:21  Drone x2  
  86  8:22  Unknown  
  86  8:24  Pneumatized Carapace  
  84  8:44  Ravager  
  79  8:58  Muscular Augments  
  79  8:59  Drone x13  
  79  9:02  Spore Crawler x2, Extractor  
  86  9:07  Zergling x4  
  85  9:15  Drone x3  
  85  9:16  Hydralisk x2  
  86  9:18  Extractor  
  71  9:58  Hydralisk x9  
  71  9:59  Roach x6  
  97  10:04  Queen  
  97  10:05  Queen x2  
  99  10:38  Overlord x2  
  99  10:39  Overlord x2  
  99  10:42  Queen  
  97  10:45  Queen  
  95  10:58  Hydralisk x3  
  95  10:59  Roach x5, Hydralisk x3  
  95  11:00  Roach  
  89  11:26  Spine Crawler, Drone x3, Hydralisk x3  
  89  11:27  Roach x4  
  89  11:30  Baneling x2  
  105  11:47  Zerg Ground Armor Level 1  
  105  11:58  Roach, Hydralisk x4  
  105  11:59  Roach x3, Unknown, Hatchery  
  120  12:02  Ravager x2  
  122  12:16  Overlord x4  
  122  12:35  Overlord x2  
  122  12:37  Zergling x20  
  122  12:40  Ravager x4  
  122  12:41  Ravager x2  
  133  13:10  Unknown  
  130  13:38  Spore Crawler  
  130  13:39  Spore Crawler  
  128  13:41  Spore Crawler, Drone x6  
  128  13:42  Drone  
  128  13:43  Spore Crawler  
  128  13:46  Baneling x2  
  128  13:48  Baneling x4  
  93  14:14  Roach x2, Hydralisk x5  
  93  14:15  Roach x5, Hydralisk  
  104  14:22  Hydralisk x2  
  104  14:23  Roach  
  102  14:27  Hydralisk  
  102  14:28  Roach x3, Hydralisk x3  
  102  14:29  Roach x2  
Show
View Real Time Build Order
Export as new Build Order

xongnoc Zerg 

Build Orders: Pool First 

Get SALT Encoding   

  12  0:01  Drone  
  13  0:10  Drone  
  14  0:18  Overlord  
  14  0:31  Extractor, Drone  
  15  0:40  Extractor, Drone  
  15  0:43  Drone  
  16  0:51  Spawning Pool  
  16  0:55  Drone  
  16  0:58  Drone  
  17  1:06  Drone  
  18  1:18  Drone  
  19  1:30  Overlord  
  19  1:40  Queen  
  19  1:42  Metabolic Boost  
  21  1:54  Zergling x2  
  21  1:55  Zergling x2  
  23  2:04  Zergling x2  
  24  2:12  Zergling x2  
  25  2:17  Queen  
  25  2:22  Unknown, Hatchery  
  26  2:39  Baneling Nest  
  26  2:40  Zergling x4  
  27  2:56  Zergling x2  
  28  3:08  Drone x2  
  28  3:10  Overlord  
  28  3:31  Zergling x10  
  28  3:33  Unknown  
  29  3:45  Drone  
  29  3:46  Drone x2  
  31  3:52  Baneling  
  31  3:53  Baneling x2  
  31  3:56  Drone x2  
  31  4:02  Lair  
  33  4:05  Spine Crawler  
  33  4:06  Drone x4  
  31  4:31  Zergling x2  
  31  4:32  Zergling x14  
  31  4:37  Evolution Chamber  
  38  4:41  Zergling x2  
  38  4:44  Extractor  
  38  4:49  Overlord  
  38  4:51  Baneling x3  
  24  5:04  Drone x5  
  28  5:11  Drone  
  28  5:14  Drone  
  30  5:23  Drone x3  
  30  5:24  Drone x4  
  37  5:35  Spire, Drone x2  
  39  5:57  Drone  
  39  5:58  Overlord x2  
  39  6:02  Spine Crawler  
  38  6:04  Extractor  
  38  6:05  Extractor  
  36  6:15  Queen  
  38  6:21  Drone x6  
  44  6:48  Mutalisk x4  
  44  6:51  Overlord  
  52  7:01  Overseer  
  52  7:10  Extractor  
  52  7:13  Unknown, Hatchery  
  51  7:20  Spine Crawler  
  50  7:25  Mutalisk x3  
  50  7:27  Zergling x8  
  50  7:28  Overlord  
  50  7:29  Overlord x2  
  40  8:03  Drone x4  
  40  8:04  Drone x4  
  45  8:12  Drone  
  46  8:14  Queen  
  46  8:16  Unknown, Hatchery  
  45  8:41  Mutalisk x6  
  57  9:07  Unknown, Hatchery  
  56  9:13  Mutalisk x3  
  62  9:37  Unknown, Hatchery  
  61  9:50  Zergling x2  
  61  9:51  Zergling x4  
  56  10:05  Drone  
  57  10:18  Unknown  
  56  10:24  Drone x3  
  57  10:46  Zergling x12  
  57  10:48  Unknown, Centrifical Hooks  
  54  11:22  Unknown, Hatchery  
  54  11:24  Mutalisk x2  
  54  11:25  Mutalisk x3  
  59  11:27  Overlord  
  59  11:34  Unknown, Hatchery  
  58  11:44  Queen, Overlord x2  
  60  12:18  Baneling x3  
  60  12:21  Zergling x6  
  60  12:22  Zergling x10  
  68  12:30  Drone  
  68  12:34  Unknown  
  69  12:45  Unknown  
  69  13:15  Zergling x18  
  78  13:20  Zergling x18  
  87  13:34  Overlord x3  
  87  13:35  Overlord x2  
  87  13:45  Baneling x19  
  87  13:46  Baneling x17  
  87  13:48  Baneling  
  85  13:50  Drone  
  83  13:59  Drone x3  
  49  14:31  Drone x9  
  49  14:32  Drone  
  52  15:00  Unknown, Hatchery  
Tags
 
Add a new tag
Caveats
  • Supply blocks, unpowered buildings, or Contaminate may cause inaccurate times.
  • Supply counts are checked every 10 seconds.